 Dungeon Crawl Stone Soup version 0.32-a0-975-g85d4e5bfdb (webtiles) character file.

Game seed: 16962382134572213251

33943 senseless the Skirmisher (level 13, -6/96 HPs)
             Began as a Coglin Hunter on Apr 18, 2024.
             Was a High Priest of Hepliaklqana.
             Mangled by a death yak (24 damage)
             ... on level 3 of the Lair of Beasts.
             The game lasted 00:38:57 (14536 turns).

senseless the Skirmisher (Coglin Hunter)           Turns: 14536, Time: 00:38:58

Health: -6/96      AC:  8    Str: 11    XL:     13   Next: 74%
Magic:  13/13      EV: 20    Int: 12    God:    Hepliaklqana [*****.]
Gold:   455        SH:  0    Dex: 23    Spells: 12/12 levels left

rFire   . . .        a - +4 sling (freeze) {Yongsun}
rCold   . . .        B - +2 hand cannon (freeze) {Takurtum}
rNeg    + + .        G - +0 robe "Byoppier" {*Corrode rN++ Int+3 SInv}
rPois   .            k - +0 helmet
rElec   .            l - +2 cloak
rCorr   .            y - +0 pair of gloves
SInv    +            i - +0 pair of boots
Will    .....        (amulet unavailable)
Stlth   +++++        (ring unavailable)
HPRegen 0.36/turn    (ring unavailable)
MPRegen 0.13/turn    (no gizmo)

%: corrode self (3%)
@: studying Fire Magic, revved
A: reduced essence, off-hand wielding, slow wielding, warmup strikes, no
jewellery
a: Invent Gizmo, Renounce Religion, Recall Ancestor, Ancestor Identity,
Transference, Idealise


You were on level 3 of the Lair of Beasts.
You worshipped Hepliaklqana.
Hepliaklqana was extremely pleased with you.
You visited 2 branches of the dungeon, and saw 15 of its levels.

You collected 924 gold pieces.
You spent 469 gold pieces at shops.

Inventory:

Hand Weapons
 a - a +4 sling of freezing (weapon) {Yongsun}
 d - a +0 sling {Iseul}
 f - a +2 short sword of electrocution
 x - a +3 falchion of flaming
 B - a +2 hand cannon of freezing (offhand) {Takurtum}
Missiles
 v - 5 darts of dispersal
Armour
 c - a +0 leather armour
 i - a +0 pair of boots (worn)
 k - a +0 helmet (worn)
 l - a +2 cloak (worn)
 q - +0 swamp dragon scales
 u - a +0 ring mail of cold resistance
 y - a +0 pair of gloves (worn)
 z - a +1 hat
 A - a +2 ring mail of positive energy
 G - the +0 robe "Byoppier" (worn) {*Corrode rN++ Int+3 SInv}
   (You found it on level 1 of the Lair of Beasts)

   Int+3:     It affects your intelligence (+3).
   rN++:      It greatly protects you from negative energy.
   SInv:      It lets you see invisible.
   *Corrode:  It may corrode you when you take damage.
Wands
 j - a wand of charming (14)
 o - a wand of polymorph (8)
 r - a wand of light (4)
Scrolls
 b - a scroll of butterflies
 h - 3 scrolls of poison
 m - a scroll of fear
 p - a scroll of immolation
 C - 2 scrolls of amnesia
 D - 3 scrolls of fog
 I - a scroll of identify
Potions
 e - 5 potions of heal wounds
 g - 13 potions of curing
 n - 3 potions of berserk rage
 s - 3 potions of attraction
 t - 4 potions of might
 w - 3 potions of haste
 E - a potion of brilliance
 F - 2 potions of cancellation
 H - 2 potions of mutation


   Skills:
 + Level 11.9 Fighting
 + Level 13.9 Ranged Weapons
 + Level 11.0 Dodging
 + Level 10.8 Stealth


You had 12 spell levels left.
You didn't know any spells.
Your spell library contained the following spells:

 Spells                   Type           Power      Damage    Failure   Level
 Apportation              Tloc           0%         N/A       32%         1
 Kiss of Death            Conj/Necr      0%         2d5       32%         1
 Magic Dart               Conj           0%         1d3       32%         1
 Necrotise                Necr           0%         1d4       32%         1
 Sandblast                Erth           0%         2d4       32%         1
 Shock                    Conj/Air       0%         1d3       32%         1
 Sting                    Conj/Alch      0%         1d3       32%         1
 Summon Small Mammal      Summ           0%         N/A       32%         1
 Jinxbite                 Hex            0%         N/A       45%         2
 Mercury Vapours          Alch/Air       0%         N/A       45%         2
 Searing Ray              Conj           0%         2d4       45%         2
 Call Canine Familiar     Summ           0%         N/A       69%         3
 Confusing Touch          Hex            0%         N/A       69%         3
 Mephitic Cloud           Conj/Alch/Air  0%         N/A       69%         3
 Passwall                 Erth           0%         N/A       69%         3
 Sigil of Binding         Hex            0%         N/A       69%         3
 Stone Arrow              Conj/Erth      0%         3d7       69%         3
 Swiftness                Air            0%         N/A       69%         3
 Tukima's Dance           Hex            0%         N/A       69%         3
 Volatile Blastmotes      Fire/Tloc      0%         2d10      69%         3
 Airstrike                Air            0%         2d(0-16)  97%         4
 Dimensional Bullseye     Hex/Tloc       0%         N/A       97%         4
 Dispel Undead            Necr           0%         3d6       97%         4
 Fulminant Prism          Conj/Alch      0%         3d5       97%         4
 Leda's Liquefaction      Alch/Erth      0%         N/A       97%         4
 Passage of Golubria      Tloc           0%         N/A       97%         4
 Petrify                  Alch/Erth      0%         N/A       97%         4
 Summon Blazeheart Golem  Fire/Summ      0%         N/A       97%         4
 Vhi's Electric Charge    Tloc/Air       0%         N/A       97%         4
 Alistair's Intoxication  Alch           0%         N/A       100%        5
 Freezing Cloud           Conj/Ice/Air   0%         6-21      100%        5
 Irradiate                Conj/Alch      0%         3d11      100%        5
 Lee's Rapid Deconstruct  Erth           0%         3d4*      100%        5
 Summon Forest            Summ/Tloc      0%         N/A       100%        5
 Yara's Violent Unravell  Hex/Alch       0%         3d3       100%        5
 Eringya's Noxious Bog    Alch           0%         4d6       100%        6
 Gell's Gavotte           Tloc           0%         2d(11-16) 100%        6
 Permafrost Eruption      Ice/Erth       0%         2x4d1     100%        6
 Summon Hydra             Summ           0%         N/A       100%        7
 Fulsome Fusillade        Conj/Alch      0%         (3-5)d4   100%        8


Dungeon Overview and Level Annotations

Branches:
Dungeon (12/15)            Temple (0/1) D:6            Lair (3/5) D:9
 Shoals (0/4) Lair:2       Spider (0/4) Lair:3          Orc (0/2) D:10

Altars:
Fedhas
Hepliaklqana
Sif Muna
Wu Jian

Shops:
D:9 (   D:11 =!

Annotations:
Lair:3 3 runed translucent doors, Mafeotwy's ghost, journeyman GrEE


Innate Abilities, Weirdness & Mutations

Your life essence is reduced to manifest your ancestor. (-10% HP)
You can wield a second weapon in your off-hand.
It takes a long time for you to wield or remove held weapons.
Your first few attacks do less damage.
You cannot equip rings or amulets.


Message History

The death yak is moderately wounded.
You shoot a sling bullet. The sling bullet hits the death yak!
The sling bullet freezes the death yak.
The death yak is heavily wounded.
Unknown command.
You shoot a slug.
The slug hits the death yak but does no damage.
The death yak is heavily wounded.
You shoot a sling bullet. The sling bullet hits the death yak!
The sling bullet freezes the death yak.
The death yak is heavily wounded.
The death yak closely misses you. The death yak gores you!
You shoot a slug. The slug hits the death yak!
The slug freezes the death yak.
The death yak is severely wounded.
You shoot a sling bullet.
The sling bullet hits the death yak but does no damage.
The death yak is severely wounded.
The death yak gores you!! The death yak gores you!
Unknown command.
You are too injured to fight recklessly!
Unknown command.
You are too injured to fight recklessly!
Unknown command.
The death yak gores you!!
* * * LOW HITPOINT WARNING * * *
The death yak attacks as it pursues you!
The death yak barely misses you.
The death yak attacks as it pursues you!
The death yak misses you.
The death yak attacks as it pursues you!
The death yak gores you!
* * * LOW HITPOINT WARNING * * *
You shoot a sling bullet.
The sling bullet hits the death yak but does no damage.
You shoot a slug.
The slug hits the death yak but does no damage.
The death yak snorts and paws the ground.
The death yak gores you!!
You die...
Hepliaklqana delivers you to your ancestors.

##...## #P....PP#
##..>.†## ##....P##
##R#...#^## #......#
#.###^###.# ##.....#
##.#####.## #.....##
#.#.#R###.# #......#
##R#^#^#.## ##.††...#
#.###^###.####......##
##.#...#@###.........# .
##...YY####.........#
....####†..####.........##
.....†..................##
#..##.########P###.......#
# ### #......P##
##.......# ##.....###
#......#


You could see 2 death yaks.

Vanquished Creatures
  A hydra (Lair:3)
  3 two-headed ogres
  Erica (D:10)
  5 death yaks
  Sonja (Lair:2)
  A skyshark (Lair:3)
  A manticore (D:12)
  Maurice (D:10)
  2 cyclopes
  An ugly thing (D:12)
  3 black mambas
  A merfolk siren (Lair:2)
  Maggie (D:7)
  A rime drake (Lair:3)
  An unseen horror (D:10)
  A kobold demonologist (D:9)
  3 cane toads
  A torpor snail (Lair:2)
  Psyche (D:10)
  3 komodo dragons
  3 merfolk (Lair:2)
  A polar bear (Lair:3)
  2 trolls (D:11)
  A jumping spider (Lair:3)
  Grinder (D:3)
  A hornet (D:9)
  4 dream sheep (Lair:2)
  4 blink frogs (Lair:3)
  A shadow (D:12)
  2 culicivoras (Lair:3)
  2 wyverns
  4 basilisks
  31 yaks
  4 redbacks (Lair:3)
  A steam dragon (D:10)
  2 vampire mosquitoes (D:11)
  An acid dragon (D:8)
  10 water moccasins
  A black bear (D:5)
  An ice beast (D:8)
  2 orc warriors
  A sky beast (D:6)
  2 wolves (Lair:2)
  3 centaurs
  11 bullfrogs
  A kobold brigand (D:9)
  A gnoll sergeant (D:8)
  2 scorpions
  2 wights (D:8)
  5 killer bees
  5 electric eels
  9 howler monkeys
  A gnoll bouda (D:8)
  3 orc priests
  2 bombardier beetles
  4 iguanas
  9 orc wizards
  9 gnolls
  4 adders
  A shadow imp (D:6)
  5 dart slugs
  A ribbon worm (D:3)
  21 orcs
  5 ball pythons
  4 endoplasms
  4 giant cockroaches
  11 goblins
  8 hobgoblins
  2 jackals (D:4)
  8 kobolds
  4 quokkas
  3 bats (D:1)
  A frilled lizard (D:1)
  7 rats
271 creatures vanquished.

Vanquished Creatures (collateral kills)
  A hydra (Lair:2)
  A catoblepas (Lair:3)
  A two-headed ogre (D:9)
  2 death yaks
  A skyshark (Lair:3)
  A troll (D:8)
  A hornet (Lair:1)
  A polar bear (Lair:2)
  A shadow (D:11)
  A culicivora (Lair:3)
  A wraith (D:11)
  4 yaks
  A vampire mosquito (D:11)
  3 water moccasins
  A sky beast (D:7)
  A wolf (Lair:2)
  A scorpion (D:5)
  A gnoll sergeant (D:5)
  3 wights (D:8)
  A killer bee (D:7)
  A howler monkey (D:9)
  2 electric eels
  2 bombardier beetles
  Crazy Yiuf (D:2)
  2 iguanas
  An orc wizard (D:10)
  Robin (D:2)
  6 gnolls
  3 adders (D:6)
  A shadow imp (D:6)
  A ribbon worm (D:3)
  5 orcs
  A ball python (D:1)
  An endoplasm (D:4)
  A goblin (D:2)
  A jackal (D:4)
58 creatures vanquished.

Vanquished Creatures (others)
  7 knights
7 creatures vanquished.

Grand Total: 336 creatures vanquished

Notes
Turn   | Place    | Note
-------+----------+-------------------------------------------
     0 | D:1      | senseless the Coglin Hunter began the quest for the Orb.
     0 | D:1      | Reached XP level 1. HP: 16/16 MP: 1/1
    35 | D:1      | Reached skill level 1 in Stealth
    42 | D:1      | Reached XP level 2. HP: 22/22 MP: 2/2
    55 | D:1      | Found a faded altar of an unknown god.
    70 | D:1      | Prayed at the altar of an unknown god.
    70 | D:1      | Became a worshipper of Hepliaklqana the Forgotten
    70 | D:1      | Reached * piety under Hepliaklqana
   256 | D:1      | Reached XP level 3. HP: 25/25 MP: 3/3
   537 | D:2      | Reached ** piety under Hepliaklqana
   538 | D:2      | Remembered your ancestor Nogyroso as a knight
   982 | D:2      | Noticed Robin
   986 | D:2      | Killed Robin
   987 | D:2      | Reached skill level 4 in Ranged Weapons
   987 | D:2      | Reached XP level 4. HP: 30/30 MP: 4/4
  1017 | D:2      | Found a runed translucent door.
  1018 | D:2      | Noticed Crazy Yiuf
  1215 | D:2      | Killed Crazy Yiuf
  1594 | D:3      | Noticed Grinder
  1603 | D:3      | Killed Grinder
  1604 | D:3      | Reached XP level 5. HP: 36/36 MP: 5/5
  1604 | D:3      | Reached XP level 6. HP: 42/42 MP: 6/6
  2214 | D:4      | Identified a scroll of acquirement
  2214 | D:4      | Acquired a manual of Ranged Weapons
  2292 | D:4      | Reached XP level 7. HP: 48/48 MP: 7/7
  2333 | D:4      | Reached skill level 5 in Ranged Weapons
  2410 | D:4      | Found a blossoming altar of Fedhas.
  2569 | D:4      | Found an ornate altar of the Wu Jian Council.
  2576 | D:4      | Reached *** piety under Hepliaklqana
  2703 | D:5      | Entered Level 5 of the Dungeon
  2890 | D:5      | Reached skill level 6 in Ranged Weapons
  2890 | D:5      | Reached XP level 8. HP: 54/54 MP: 8/8
  3249 | D:5      | Reached skill level 5 in Fighting
  3692 | D:6      | Found a staircase to the Ecumenical Temple.
  3727 | D:6      | Reached skill level 5 in Dodging
  3728 | D:6      | Reached skill level 7 in Ranged Weapons
  4226 | D:7      | Reached skill level 5 in Stealth
  4226 | D:7      | Reached XP level 9. HP: 62/62 MP: 9/9
  4251 | D:7      | Reached **** piety under Hepliaklqana
  4376 | D:7      | Reached skill level 8 in Ranged Weapons
  4427 | D:7      | Noticed Maggie
  4439 | D:7      | Killed Maggie
  4844 | D:7      | Reached skill level 9 in Ranged Weapons
  4941 | D:8      | Reached XP level 10. HP: 61/71 MP: 10/10
  6025 | D:9      | Reached skill level 10 in Ranged Weapons
  6355 | D:9      | Noticed a two-headed ogre
  6362 | D:9      | Killed a two-headed ogre
  6596 | D:9      | Noticed a two-headed ogre
  6603 | D:9      | Killed a two-headed ogre
  6604 | D:9      | Reached XP level 11. HP: 78/78 MP: 11/11
  6616 | D:9      | Reached skill level 11 in Ranged Weapons
  6701 | D:9      | Found Viaprel's Hydra Hut.
  6703 | D:9      | Noticed a four-headed hydra
  6712 | D:9      | Bought a +2 hand cannon of freezing for 274 gold pieces
  6738 | D:9      | Found a staircase to the Lair.
  6823 | D:9      | Found a shimmering blue altar of Sif Muna.
  7240 | D:10     | Entered Level 10 of the Dungeon
  7337 | D:10     | Noticed Maurice
  7344 | D:10     | Killed Maurice
  7720 | D:10     | Found a staircase to the Orcish Mines.
  7922 | D:10     | Noticed Psyche
  7924 | D:10     | Killed Psyche
  8096 | D:10     | Reached ***** piety under Hepliaklqana
  8690 | D:10     | Noticed Erica
  8864 | D:10     | Found a staircase to the Orcish Mines.
  9724 | D:10     | Found a staircase to the Orcish Mines.
 10283 | D:10     | Killed Erica
 10284 | D:10     | Reached skill level 12 in Ranged Weapons
 10607 | D:11     | Noticed a cyclops
 10613 | D:10     | Killed a cyclops
 10734 | D:11     | Noticed a two-headed ogre
 10738 | D:11     | Killed a two-headed ogre
 10799 | D:11     | Found Ososhev's Jewellery Shoppe.
 10891 | D:11     | Noticed a cyclops
 10894 | D:11     | Killed a cyclops
 10903 | D:11     | Noticed a two-headed ogre
 10908 | D:11     | Killed a two-headed ogre
 10909 | D:11     | Reached XP level 12. HP: 87/87 MP: 12/12
 10929 | D:11     | Reached skill level 10 in Fighting
 11108 | D:11     | Found Juankiph's Distillery.
 11116 | D:11     | Bought a potion of brilliance for 52 gold pieces
 11116 | D:11     | Bought a potion of heal wounds for 65 gold pieces
 11116 | D:11     | Bought 2 potions of curing for 78 gold pieces
 11492 | Lair:1   | Entered Level 1 of the Lair of Beasts
 11616 | Lair:1   | Identified the +0 robe "Byoppier" {*Corrode rN++ Int+3
                  | SInv}
 11669 | Lair:1   | Noticed a death yak
 11671 | Lair:1   | Noticed a death yak
 11671 | Lair:1   | Noticed a death yak
 11672 | Lair:1   | Noticed a death yak
 11674 | Lair:1   | Killed a death yak
 11691 | Lair:1   | Killed a death yak
 11696 | Lair:1   | Killed a death yak
 11704 | Lair:1   | Killed a death yak
 11705 | Lair:1   | Reached skill level 13 in Ranged Weapons
 12095 | Lair:1   | You fall into a shaft and drop 1 floor!
 12663 | Lair:2   | Noticed a seven-headed hydra
 12668 | Lair:2   | Killed a seven-headed hydra
 12669 | Lair:2   | Reached skill level 10 in Dodging
 12674 | Lair:2   | Found a staircase to the Shoals.
 12689 | Lair:2   | Reached skill level 10 in Stealth
 12689 | Lair:2   | Reached XP level 13. HP: 42/95 MP: 13/13
 12860 | Lair:2   | Noticed Sonja
 12865 | Lair:2   | Killed Sonja
 13976 | Lair:3   | Noticed a minotaur
 13977 | Lair:3   | Noticed Mafeotwy's ghost (journeyman GrEE)
 14000 | Lair:3   | Found a runed translucent gate.
 14000 | Lair:3   | Found a runed translucent gate.
 14000 | Lair:3   | Found a runed translucent gate.
 14201 | Lair:3   | Found a hole to the Spider Nest.
 14536 | Lair:3   | Mangled by a death yak

Illustrated notes

Levels and vault maps discovered:
D:1:      lordsloth_arrival_two_stooges, layout_basic,
          shapermc_ecumenical_altar_pompeii, corner_web_ring
D:2:      layout_loops_ring, uniq_crazy_yiuf_cottage, uniq_robin
D:3:      layout_basic, uniq_grinder
D:4:      layout_rooms, old_standard_altar, nicolae_overflow_crystal_walls
D:5:      layout_cave_pools, serial_rivers, chequers_serial_rivers_small_a,
          chequers_serial_rivers_micro_d, chequers_serial_rivers_micro_a,
          chequers_serial_rivers_micro_e, chequers_serial_rivers_small_a,
          chequers_serial_rivers_room_b
D:6:      layout_loops_ring, minmay_temple_entry_ruins
D:7:      layout_loops_ring, uniq_maggie
D:8:      layout_loops_ring
D:9:      minmay_weird_star, layout_basic, david_lair_shrubbed, serial_library,
          serial_library_hellmonk_big_corner,
          serial_library_hellmonk_layered_room,
          serial_library_regret_index_split_case,
          serial_library_hellmonk_narrow_alcove,
          serial_library_hellmonk_statue_hall,
          serial_library_hellmonk_reading_circle,
          serial_library_hellmonk_h_bend, serial_library_hellmonk_layered_room,
          serial_library_regret_index_multi,
          serial_library_regret_index_split_case,
          serial_library_regret_index_small_wings, dreamdust_wishing_well,
          doesnt_shop_hydraphobe
D:10:     layout_basic, orc_0_dummy, amcnicky_mini_rare_corridor_liquid,
          corexii_leaking_fountain, uniq_psyche, uniq_maurice, uniq_erica
D:11:     layout_cave_pools, serial_shops, nicolae_shop_industrial_runoff,
          nicolae_shop_peninsula
D:12:     layout_loops_cross, serial_shops, nicolae_shop_hallway_plus
Lair:1:   layout_gridlike, chequers_serial_rivers_micro_d, minivault_26,
          serial_bayou_ford_a
Lair:2:   layout_gridlike, elwin_shoals_entry_stream, serial_bayou_shore_a,
          uniq_sonja
Lair:3:   gammafunk_mikee_crab_dinner, layout_big_grid,
          nicolae_spider_entry_tight_spaces, maelrawn_ghost_gauntlet_escape

Skill      XL: |  1  2  3  4  5  6  7  8  9 10 11 12 13 |
---------------+----------------------------------------+-----
Stealth        | 1 2 3 5 6 7 8 10 | 10.8
Dodging        | 2 3 4 5 6 7 9 10 11 | 11.0
Ranged Weapons | 4 6 7 9 10 12 13 | 13.9
Fighting       | 3 4 5 7 8 9 11 | 11.9

Action                     |  1- 3 |  4- 6 |  7- 9 | 10-12 | 13-15 || total
---------------------------+-------+-------+-------+-------+-------++-------
   Fire: Sling             |   156 |   152 |   520 |   569 |   152 ||  1549
         Hand cannon       |       |       |       |   237 |   152 ||   389
 Invoke: Ancestor Life: Kn |     1 |       |       |       |       ||     1
         Recall Ancestor   |       |       |       |     1 |       ||     1
         Transference      |       |       |       |     1 |       ||     1
  Evoke: Wand              |       |       |       |     1 |       ||     1
    Use: Scroll            |       |     5 |     6 |    11 |     1 ||    23
         Potion            |       |       |       |     2 |       ||     2
 Armour: Leather armour    |     1 |     3 |    40 |    79 |       ||   123
         Robe              |       |       |       |    23 |    15 ||    38
  Dodge: Dodged            |     7 |     6 |    43 |    80 |    12 ||   148

Table legend: (Time is in decaauts)
 A = Elapsed time spent in this place.
 B = Non-inter-level travel time spent in this place.
 C = Inter-level travel time spent in this place.
 D = Time resting spent in this place.
 E = Time spent auto-exploring this place.
 F = Levels seen in this place.
 G = Mean time per level.
                   A        B        C        D        E       F      G
               +--------+--------+--------+--------+--------+-----+--------+
         Total |  14726 |  14167 |    559 |   1906 |  10414 |  15 |  981.7 |
       Dungeon |  11654 |  11133 |    521 |   1122 |   8584 |  12 |  971.2 |
          Lair |   3072 |   3035 |     37 |    784 |   1830 |   3 | 1024.0 |
               +--------+--------+--------+--------+--------+-----+--------+

Top non-repeatable levels by time:
    D:10: 3548 daAuts
  Lair:2: 1434 daAuts
     D:9: 1322 daAuts
     D:8: 1107 daAuts
  Lair:1: 1062 daAuts
     D:3: 940 daAuts
     D:2: 819 daAuts
     D:7: 792 daAuts
     D:5: 727 daAuts
    D:11: 694 daAuts
     D:6: 691 daAuts
  Lair:3: 575 daAuts
     D:4: 510 daAuts
     D:1: 475 daAuts
    D:12: 24 daAuts
